AoeStats
← Leão

Highland

506959077Analyzed
2v2 RM · 16d ago on Sep 16, 2026· 64m 49s· 4 players
Game mode
Random Map
Map size
Medium (4 player)
Population
200
Speed
Normal
Resources
Standard
Victory
Conquest
Starting age
Dark Age
Ending age
Imperial Age
RankedLock teamsTeams togetherTeam positionsShared explorationLock speedFull tech treeHidden civsTurbo modeCheats
Victory
Defeat
🇨🇴 Maya · Colombia
1313
+16
🇩🇪 Franks · Germany
1290
+17
🇧🇷 Persians · Brazil
1359
-18
🇧🇷 Ethiopians · Brazil
1284
-15
R.Tora
5:20 Loom
9:50 Feudal Age
10:28 Double-Bit Axe
11:37 Forging
20:51 Castle Age
21:09 Wheelbarrow
20:37 Gold Mining
22:24 Bow Saw
24:25 Iron Casting
24:55 Scale Barding Armor
25:05 Husbandry
31:17 Chain Barding Armor
33:10 Hand Cart
41:43 Imperial Age
41:45 Cavalier
43:32 Blast Furnace
42:49 Caravan
43:32 Padded Archer Armor
44:09 Plate Barding Armor
44:32 Gold Shaft Mining
51:37 Paladin
57:04 Light Cavalry
64:19 Caravan
ShikamaruNara
0:30 Loom
10:22 Feudal Age
16:27 Castle Age
14:59 Double-Bit Axe
15:00 Horse Collar
16:28 Fletching
20:00 Padded Archer Armor
25:20 Bodkin Arrow
26:56 Ballistics
28:12 Leather Archer Armor
32:20 Wheelbarrow
36:09 Hand Cart
35:40 Town Watch
39:57 Imperial Age
40:15 Elite Plumed Archer
40:57 Bracer
41:27 Ring Archer Armor
40:40 Pikeman
43:06 Scale Mail Armor
43:17 Forging
42:34 Halberdier
43:34 Town Patrol
45:42 Chain Mail Armor
46:03 Iron Casting
47:02 Plate Mail Armor
51:18 Blast Furnace
51:40 Chemistry
50:16 Elite Skirmisher
53:42 Squires
53:32 Arson
59:22 Eagle Warrior
60:25 Caravan
61:47 Holcans
61:20 Hul'che Javelineers
61:23 Elite Eagle Warrior
Leão
5:38 Loom
9:53 Feudal Age
10:37 Double-Bit Axe
24:24 Castle Age
22:43 Fletching
22:54 Horse Collar
24:06 Padded Archer Armor
25:53 Bow Saw
25:42 Bodkin Arrow
25:34 Crossbowman
34:10 Leather Archer Armor
36:13 Ballistics
37:56 Thumb Ring
39:23 Gold Mining
41:40 Gold Shaft Mining
41:07 Heavy Plow
42:48 Wheelbarrow
41:59 Town Watch
44:30 Stone Mining
48:09 Imperial Age
49:29 Arbalester
50:11 Bracer
50:41 Ring Archer Armor
51:15 Chemistry
51:56 Conscription
53:23 Elite Skirmisher
57:19 Caravan
wandersonkilim
4:57 Loom
10:42 Feudal Age
15:25 Double-Bit Axe
21:05 Castle Age
21:13 Bloodlines
21:09 Scale Barding Armor
22:03 Bow Saw
21:34 Horse Collar
21:39 Fishing Lines
22:58 Husbandry
24:16 Gold Mining
26:18 Forging
28:53 Chain Barding Armor
31:23 Iron Casting
37:55 Imperial Age
38:26 Wheelbarrow
37:36 Town Watch
37:53 Heavy Plow
37:49 Cavalier
39:15 Plate Barding Armor
43:12 Hand Cart
42:57 Town Patrol
43:59 Two-Man Saw
47:19 Savar
50:38 Blast Furnace
51:24 Light Cavalry
52:47 Pikeman
54:39 Hussar
62:01 Guilds
Connection lost

Rejoining the realm…

Still unreachable

The connection could not be restored.

Session expired

The server has moved on; the page needs a fresh start.